 Dungeon Crawl Stone Soup version 0.26-a0-597-gb535b0901c (webtiles) character file.

Game seed: 13563438519633419075

(classic levelgen) 5030 EnegeticOcto the Cleaver (level 10, 92/92 HPs)
             Began as a Deep Dwarf Fighter on Sept 1, 2020.
             Was a Believer of Makhleb.
             Quit the game on level 10 of the Dungeon.
             The game lasted 00:03:47 (4630 turns).

EnegeticOcto the Cleaver (Deep Dwarf Fighter)       Turns: 4630, Time: 00:03:48

Health: 92/92      AC: 14    Str: 23    XL:     10   Next: 30%
Magic:  2/2        EV:  5    Int:  9    God:    Makhleb [**....]
Gold:   345        SH: 11    Dex: 12    Spells: 9/9 levels left

rFire    . . .     SeeInvis .   a - +1 war axe
rCold    . . .     Faith    .   c - +0 kite shield
rNeg     . . .     Spirit   .   t - +0 plate armour
rPois    .         Reflect  .   (no helmet)
rElec    .         Harm     .   (no cloak)
rCorr    .                      (no gloves)
MR       +....                  k - +0 pair of boots
Stlth    ..........             (no amulet)
HPRegen  0.00/turn              (no ring)
MPRegen  0.08/turn              (no ring)

@: non-regenerating
A: damage resistance, heal wounds, sense surroundings 2, no regeneration
a: Heal Wounds, Minor Destruction, Renounce Religion


You were on level 10 of the Dungeon.
You worshipped Makhleb.
Makhleb was pleased with you.
You visited 1 branch of the dungeon, and saw 9 of its levels.
You also visited: Ossuary.

You collected 345 gold pieces.

Inventory:

Hand Weapons
 a - a +1 war axe (weapon)
Armour
 c - a +0 kite shield (worn)
 k - a +0 pair of boots (worn)
 t - a +0 plate armour (worn)
Wands
 l - a wand of iceblast (11) {@v2}
 r - a wand of acid (8) {@v1}
 z - a wand of polymorph (4)
 B - a wand of disintegration (5)
Scrolls
 b - 2 scrolls of blinking
 e - 5 scrolls of teleportation {@r3}
 g - 4 scrolls of remove curse {@r2}
 j - 4 scrolls of fog
 m - 2 scrolls of identify {@r1}
 u - a scroll of enchant armour {unknown}
 y - a scroll of enchant weapon
 C - a scroll of acquirement {unknown}
Potions
 d - a potion of might {@q3}
 f - 7 potions of curing {@q1}
 h - 2 potions of haste {unknown}
 i - 3 potions of ambrosia
 n - 2 potions of lignification {unknown}
 o - 2 potions of mutation
 p - 4 potions of heal wounds {@q2}
 q - a potion of magic {unknown}
 v - 2 potions of stabbing {@q5}
 w - a potion of flight
 x - a potion of brilliance {unknown}
 A - a potion of cancellation {unknown}
Miscellaneous
 s - a box of beasts (inert)


   Skills:
 + Level 6.5 Fighting
 * Level 10.2 Axes
 + Level 7.8 Armour
 + Level 7.7 Shields
 + Level 6.4 Invocations


You had 9 spell levels left.
You didn't know any spells.
Your spell library was empty.

Dungeon Overview and Level Annotations

Branches:
Dungeon (8/15)             Temple (0/1) D:6            Lair (0/6) D:10
Ossuary (visited)

Altars:
Cheibriados
Elyvilon
Fedhas
Hepliaklqana
Makhleb
Okawaru
Sif Muna
Uskayaw
Vehumet
Yredelemnul

Shops:
D:4 !


Innate Abilities, Weirdness & Mutations

You are resistant to damage.
You can heal yourself by infusing magical energy.
You passively map the area around you.
You do not regenerate.


Message History

The troll is severely wounded.
You block the troll's attack.
The troll claws you but does no damage. x2
You hit the troll but do no damage.
The troll is severely wounded.
The troll bites you but does no damage. You block the troll's attack.
The troll claws you but does no damage.
You hit the troll.
The troll is severely wounded.
You block the troll's attack. The troll closely misses you.
You block the troll's attack.
You hit the troll.
The troll is severely wounded.
The troll bites you but does no damage. The troll claws you.
The troll claws you!
You hit the troll.
The troll is almost dead.
You block the troll's attack. The troll claws you! The troll claws you.
The troll bites you. The troll claws you but does no damage.
You block the troll's attack.
You closely miss the troll.
The troll is severely wounded.
The troll bites you! The troll claws you but does no damage.
You block the troll's attack.
You hit the troll.
The troll is severely wounded.
The troll bites you!
The troll claws you but does no damage. x2
You are too injured to fight recklessly!
You are too injured to fight recklessly!
You are too injured to fight recklessly!
You are too injured to fight recklessly!
You are too injured to fight recklessly!
You are too injured to fight recklessly!
A troll is nearby!
A troll is nearby!
A troll is nearby!
A troll is nearby!
A troll is nearby!
A troll is nearby!
You are too injured to fight recklessly!
You are too injured to fight recklessly!
You feel much better. The troll bites you. You block the troll's attack.
The troll barely misses you.
You feel much better. You block the troll's attack.
The troll claws you but does no damage. x2
You feel much better. The troll closely misses you. The troll claws you. x2
Your magical essence is drained by the effort!
You feel much better. The troll bites you. The troll barely misses you.
You block the troll's attack.
Your magical essence is drained by the effort!
You feel much better. You block the troll's attack. x2
The troll claws you but does no damage.
Your health is already full.
Your health is already full.
You closely miss the troll.
The troll is severely wounded.
You block the troll's attack. The troll claws you! The troll barely misses you.
You slash the troll!
The troll is almost dead.
You block the troll's attack. The troll claws you. x2
You barely miss the troll.
The troll is almost dead.
You block the troll's attack. The troll claws you. The troll barely misses you.
You slash the troll!
You kill the troll!
Makhleb accepts your kill.
You feel better.
The troll leather armour is intact enough to wear.
No target in view!
No target in view!
No target in view!
No target in view!
No target in view!
No target in view!
No target in view!
No target in view!
No target in view!
No target in view!
No target in view!
No target in view!
No target in view!
No target in view!
No target in view!
Things that are here:
a +0 troll leather armour; a troll corpse A bullfrog zombie comes into view.
Found a scroll of identify.
A bullfrog zombie is nearby!
A bullfrog zombie is nearby!
A bullfrog zombie is nearby!
A bullfrog zombie is nearby!
A bullfrog zombie is nearby!
A bullfrog zombie is nearby!
A bullfrog zombie is nearby!
A bullfrog zombie is nearby!
A bullfrog zombie is nearby!
A bullfrog zombie is nearby!
A bullfrog zombie is nearby!
A bullfrog zombie is nearby!
A bullfrog zombie is nearby!
Are you sure you want to abandon this character and quit the game? (Confirm with "yes".)

##########
*
#.Z@....(#
* **
*#.######.#
, * ,,, ..
* #.# * *
.?. #.# *
### * #[#
#.# * , ,
#.# * * * ,
#.# * ,
######.###
,


You could see a bullfrog zombie (wandering).

Vanquished Creatures
  Harold (D:8)
  A troll (D:10)
  A hippogriff (D:10)
  3 wyverns (D:10)
  Sigmund (D:2)
  Eustachio (D:5)
  An acid dragon (D:10)
  2 orc warriors
  3 sky beasts
  3 ice beasts
  4 ogres
  A necrophage (D:10)
  2 centaurs
  A big kobold (D:7)
  A wyvern zombie (D:10)
  7 bullfrogs
  A scorpion (D:7)
  6 killer bees (D:7)
  A howler monkey (D:7)
  An electric eel (D:6)
  3 centaur zombies (Ossuary)
  2 hounds
  A jelly (D:5)
  3 orc priests
  5 orc wizards
  A bullfrog skeleton (D:10)
  3 worker ants
  4 big kobold zombies (Ossuary)
  5 mummies (Ossuary)
  2 worker ant zombies (D:5)
  A howler monkey zombie (D:6)
  A howler monkey skeleton (D:6)
  4 gnolls (D:4)
  5 adders
  A shadow imp (D:5)
  An adder skeleton (D:4)
  An adder zombie (D:7)
  A worm (D:2)
  4 leopard geckos
  25 orcs
  A giant cockroach (D:7)
  A hobgoblin (D:1)
  4 jackals (D:5)
  3 quokkas
  A ball python (D:6)
  2 bats (D:2)
  4 frilled lizards
  A goblin (D:2)
  2 hobgoblin zombies (Ossuary)
  4 kobolds
  A quokka zombie (D:8)
  3 rats (D:1)
142 creatures vanquished.

Vanquished Creatures (collateral kills)
  A wyvern (D:10)
  A crocodile (D:10)
2 creatures vanquished.

Vanquished Creatures (others)
  A plant (D:2)
1 creature vanquished.

Grand Total: 145 creatures vanquished

Notes
Turn   | Place    | Note
-------+----------+-------------------------------------------
     0 | D:1      | EnegeticOcto the Deep Dwarf Fighter began the quest for the
                  | Orb.
     0 | D:1      | Reached XP level 1. HP: 20/20 MP: 1/1
   174 | D:2      | Reached XP level 2. HP: 27/27 MP: 2/2
   241 | D:2      | You fall into a shaft and drop 2 floors!
   396 | D:4      | Found a hide-covered altar of Uskayaw.
   421 | D:4      | Reached skill level 3 in Axes
   421 | D:4      | Reached XP level 3. HP: 30/34 MP: 3/3
   451 | D:4      | Got an ichor-stained dagger
   452 | D:4      | Identified the +4 dagger of Harmony {holy, Dex+5} (You
                  | found it on level 4 of the Dungeon)
   512 | D:4      | Reached XP level 4. HP: 33/42 MP: 4/4
   559 | D:2      | Noticed Sigmund
   606 | D:2      | Killed Sigmund
   606 | D:2      | Reached skill level 4 in Axes
   606 | D:2      | Reached XP level 5. HP: 14/49 MP: 5/5
   877 | D:4      | Reached XP level 6. HP: 56/56 MP: 6/6
   958 | D:4      | Reached skill level 5 in Axes
  1108 | D:4      | Found Toosmaow's Distillery.
  1132 | D:4      | Found a snail-covered altar of Cheibriados.
  1393 | D:5      | Entered Level 5 of the Dungeon
  1440 | D:5      | Found a hazy altar of Hepliaklqana.
  1525 | D:5      | Found a sand-covered staircase.
  1570 | Ossuary  | Entered an ossuary
  1583 | Ossuary  | Reached XP level 7. HP: 53/64 MP: 5/5
  1589 | Ossuary  | Reached skill level 5 in Shields
  1601 | Ossuary  | Reached skill level 5 in Armour
  1619 | Ossuary  | Reached skill level 6 in Axes
  1751 | D:5      | Found a burning altar of Makhleb.
  1797 | D:5      | Became a worshipper of Makhleb the Destroyer
  1874 | D:5      | Noticed Eustachio
  1888 | D:5      | Killed Eustachio
  1888 | D:5      | Reached skill level 1 in Invocations
  1888 | D:5      | Reached XP level 8. HP: 60/73 MP: 6/6
  2307 | D:6      | Reached skill level 7 in Axes
  2364 | D:6      | Found a staircase to the Ecumenical Temple.
  2735 | D:6      | Reached skill level 5 in Fighting
  2749 | D:6      | Found a shimmering blue altar of Sif Muna.
  2856 | D:6      | Found an iron altar of Okawaru.
  3159 | D:7      | Found a basalt altar of Yredelemnul.
  3229 | D:7      | Reached skill level 8 in Axes
  3245 | D:7      | Found a white marble altar of Elyvilon.
  3284 | D:7      | Gained mutation: You passively map the area around you.
                  | [Deep Dwarf growth]
  3284 | D:7      | Reached XP level 9. HP: 33/81 MP: 8/8
  3321 | D:7      | Reached * piety under Makhleb
  3488 | D:7      | Found a hide-covered altar of Uskayaw.
  3725 | D:8      | Noticed Harold
  3762 | D:8      | Killed Harold
  3762 | D:8      | Reached skill level 9 in Axes
  3762 | D:8      | Reached skill level 5 in Invocations
  3932 | D:8      | Found a radiant altar of Vehumet.
  4124 | D:8      | Found a blossoming altar of Fedhas.
  4170 | D:8      | You fall into a shaft and drop 2 floors!
  4170 | D:10     | Entered Level 10 of the Dungeon
  4200 | D:10     | Reached XP level 10. HP: 58/91 MP: 8/8
  4336 | D:10     | Reached ** piety under Makhleb
  4388 | D:10     | Reached skill level 10 in Axes
  4454 | D:10     | Found a staircase to the Lair.
  4630 | D:10     | Quit the game

Illustrated notes

Levels and vault maps discovered:
D:1:      dpeg_arrival_rooms_with_view, layout_basic
D:2:      layout_loops_corners, tso_oasis_becter, minmay_shallow_snake_nest,
          uniq_sigmund
D:3:      layout_loops_ring
D:4:      layout_basic, lemuel_round_altar, eat_drink_and_be_merry_uskayaw,
          serial_shops, shop
D:5:      layout_gridville, kennysheep_mini_moat, kennysheep_little_box,
          nicolae_ossuary_entry_monument, eino_curves_02,
          minmay_strange_pillars, uniq_eustachio
D:6:      cheibrodos_helix_gallery, layout_basic, kennysheep_mini,
          marbit_many_paths, minmay_temple_entry_waves, solitary_fountain
D:7:      layout_cave_pools, lemuel_round_altar, lemuel_crystal_altar,
          lemuel_statue_altar
D:8:      layout_basic, vehumet_crystals, grunt_dithmenos_shadows,
          fedhas_altar_fruit_tree, uniq_joseph, uniq_harold
D:10:     layout_loops_ring, erik_lair_dragon

Skill      XL: |  1  2  3  4  5  6  7  8  9 10 |
---------------+-------------------------------+-----
Fighting       | 3 4 5 6 |  6.5
Axes           | 3 4 5 6 8 9 10 | 10.2
Armour         | 4 5 6 7 |  7.8
Shields        | 4 5 6 7 |  7.7
Invocations    | 1 3 5 6 |  6.4

Action                   |  1- 3 |  4- 6 |  7- 9 | 10-12 || total
-------------------------+-------+-------+-------+-------++-------
Melee: War axe           |    45 |   134 |   383 |    74 ||   636
 Abil: Heal Wounds       |       |    11 |    20 |    13 ||    44
Evoke: Box of beasts     |       |       |       |     3 ||     3
  Use: Scroll            |       |       |    16 |       ||    16
 Stab: Sleeping          |       |       |     1 |       ||     1
       Distracted        |       |       |       |     1 ||     1
Armor: Scale mail        |    22 |    37 |       |       ||    59
       Plate armour      |       |     9 |   282 |    44 ||   335
Dodge: Dodged            |     9 |    24 |    89 |    18 ||   140
Block: Kite shield       |    22 |    74 |   270 |    73 ||   439

Table legend: (Time is in decaauts)
 A = Elapsed time spent in this place.
 B = Non-inter-level travel time spent in this place.
 C = Inter-level travel time spent in this place.
 D = Time resting spent in this place.
 E = Time spent auto-exploring this place.
 F = Levels seen in this place.
 G = Mean time per level.
                   A        B        C        D        E       F      G
               +--------+--------+--------+--------+--------+-----+--------+
         Total |   4763 |   4520 |    243 |      0 |   3260 |  10 |  476.3 |
       Dungeon |   4655 |   4412 |    243 |      0 |   3226 |   9 |  517.2 |
       Ossuary |    108 |    108 |      0 |      0 |     34 |   1 |  108.0 |
               +--------+--------+--------+--------+--------+-----+--------+

Top non-repeatable levels by time:
     D:4: 1000 daAuts
     D:6: 886 daAuts
     D:5: 813 daAuts
     D:7: 556 daAuts
     D:8: 481 daAuts
    D:10: 464 daAuts
     D:2: 219 daAuts
     D:1: 127 daAuts
 Ossuary: 108 daAuts
     D:3: 107 daAuts
